 Dungeon Crawl Stone Soup version 0.32-a0-893-gf85d74f360 (webtiles) character file.

Game seed: 13237267006237395893

10693 Chadd the Thrower (level 11, -3/84 HPs)
             Began as a Coglin Gladiator on Apr 3, 2024.
             Was an Initiate of Gozag.
             Slain by an ufetubus (4 damage)
             ... summoned by a ynoxinul
             ... in a Gauntlet on Apr 4, 2024.
             The game lasted 00:29:42 (14404 turns).

Chadd the Thrower (Coglin Gladiator)               Turns: 14404, Time: 00:29:42

Health: -3/84      AC:  0    Str: 25    XL:     11   Next: 66%
Magic:  11/11      EV:  9    Int:  7    God:    Gozag
Gold:   1567       SH:  0    Dex: 17    Spells: 10/10 levels left

rFire   . . .        a - +0 trident {Yuxuan}
rCold   . . .        i - +0 spear {Isabel}
rNeg    . . .        n - +15 plate armour "Wotyjing" {rElec Str+7}
rPois   .            c - +0 helmet
rElec   +            x - +0 cloak
rCorr   .            D - +0 pair of gloves
SInv    .            J - +0 pair of boots
Will    .....        (amulet unavailable) Stlth
                     (ring unavailable)
HPRegen 0.34/turn    (ring unavailable)
MPRegen 0.12/turn    (no gizmo)

%: no teleportation
@: brilliant, corroded, revved
A: off-hand wielding, slow wielding, warmup strikes, no jewellery
a: Invent Gizmo, Renounce Religion, Potion Petition, Call Merchant, Bribe Branch


You were in a Gauntlet.
You worshipped Gozag.
Gozag was most pleased with you.
You visited 3 branches of the dungeon, and saw 13 of its levels.
You also visited: Sewer and Gauntlet.

You collected 2077 gold pieces.
You paid 510 gold pieces to Gozag.

Inventory:

Hand Weapons
 a - a +0 trident (weapon) {Yuxuan}
 b - the +9 glaive of Mastery {drain, *Corrode Dex+6}
   (You found it on level 3 of the Dungeon)

   Dex+6:     It affects your dexterity (+6).
   *Corrode:  It may corrode you when you take damage.
 i - a +0 spear (offhand) {Isabel}
Missiles
 e - a javelin
 E - 27 poisoned darts
 G - 2 boomerangs
 U - a throwing net (quivered)
Armour
 c - a +0 helmet (worn)
 n - the +15 plate armour "Wotyjing" (worn) {rElec Str+7}
   (You found it on level 2 of the Dungeon)

   Str+7:     It affects your strength (+7).
   rElec:     It insulates you from electricity.
 x - a +0 cloak (worn)
 D - a +0 pair of gloves (worn)
 J - a +0 pair of boots (worn)
Talismans
 L - a flux talisman
Wands
 o - a wand of polymorph (4)
 w - a wand of warping (7)
 I - a wand of acid (10)
 M - a wand of digging (9)
 O - a wand of flame (21)
 Q - a wand of mindburst (5)
Scrolls
 d - a scroll of poison {unknown}
 f - 4 scrolls of amnesia
 g - 3 scrolls of enchant armour
 h - 5 scrolls of teleportation
 j - a scroll of revelation {unknown}
 l - a scroll of torment {unknown}
 m - a scroll of silence {unknown}
 r - 6 scrolls of noise
 v - 3 scrolls of enchant weapon
 y - 4 scrolls of immolation
 A - 4 scrolls of fear
 B - 2 scrolls of blinking {unknown}
 P - 2 scrolls of vulnerability
 V - a scroll of fog {unknown}
Potions
 p - 2 potions of cancellation {unknown}
 q - 3 potions of lignification
 s - 4 potions of enlightenment
 t - 2 potions of heal wounds {unknown}
 u - 3 potions of mutation
 z - 7 potions of degeneration
 C - 5 potions of curing
 F - 2 potions of haste {unknown}
 H - 2 potions of brilliance
 K - 2 potions of resistance {unknown}
 N - 2 potions of berserk rage {unknown}
 R - 2 potions of ambrosia {unknown}
 S - a potion of magic {unknown}
 T - a potion of invisibility {unknown}
 W - a potion of might {unknown}


   Skills:
 + Level 7.3 Fighting
 + Level 7.1 Polearms
 + Level 8.6 Throwing
 + Level 5.6 Armour
 + Level 6.9 Dodging
 + Level 7.5 Evocations
 + Level 3.8 Shapeshifting


You had 10 spell levels left.
You didn't know any spells.
Your spell library contained the following spells:

 Spells                   Type           Power      Damage    Failure   Level
 Call Imp                 Summ           0%         N/A       100%        2
 Static Discharge         Conj/Air       0%         3-3/arc   100%        2
 Sublimation of Blood     Necr           0%         N/A       100%        2
 Dazzling Flash           Conj/Hex       0%         N/A       100%        3
 Mephitic Cloud           Conj/Alch/Air  0%         N/A       100%        3
 Volatile Blastmotes      Fire/Tloc      0%         2d10      100%        3
 Airstrike                Air            0%         2d(0-16)  100%        4
 Fulminant Prism          Conj/Alch      0%         3d5       100%        4
 Iskenderun's Mystic Bla Conj/Tloc 0%             2d3        (+2d1     100%        4
 Leda's Liquefaction      Alch/Erth      0%         N/A       100%        4
 Petrify                  Alch/Erth      0%         N/A       100%        4
 Summon Lightning Spire   Summ/Air       0%         N/A       100%        4
 Curse of Agony           Necr           0%         N/A       100%        5
 Irradiate                Conj/Alch      0%         3d11      100%        5
 Lee's Rapid Deconstruct  Erth           0%         3d4*      100%        5
 Silence                  Hex/Air        0%         N/A       100%        5
 Permafrost Eruption      Ice/Erth       0%         2x4d1     100%        6
 Summon Hydra             Summ           0%         N/A       100%        7


Dungeon Overview and Level Annotations

Branches:
Dungeon (11/15)            Temple (1/1) D:4            Lair (1/5) D:11
    Orc (0/2) D:11          Sewer (visited)         Gauntlet (1/1)

Altars:
Ashenzari
Cheibriados
Dithmenos
Elyvilon
Fedhas
Gozag
Hepliaklqana
Kikubaaqudgha
Makhleb
Nemelex Xobeh
Okawaru
Qazlal
Ru
Sif Muna
Trog
Uskayaw
Vehumet
Wu Jian
Xom
Yredelemnul
Zin
The Shining One

Shops:
D:5 !   D:9 *

Annotations:
D:3 1 runed translucent door, Crazy Yiuf Gauntlet 11 transporters, 21 runed translucent doors, exclusion: lightning spire


Innate Abilities, Weirdness & Mutations

You can wield a second weapon in your off-hand.
It takes a long time for you to wield or remove held weapons.
Your first few attacks do less damage.
You cannot equip rings or amulets.


Message History

The ufetubus hits you but does no damage.
The rust devil hits you. The rust devil corrodes you!
The ufetubus hits you but does no damage.
The ufetubus barely misses you.
You hit the rust devil but do no damage. x2
The ufetubus barely misses you. The ufetubus completely misses you.
The rust devil hits you! The rust devil corrodes you! The ufetubus hits you. x2
The ufetubus barely misses you. x2
You hit the rust devil but do no damage. x2
The ufetubus hits you. x2; The ufetubus barely misses you.
The ufetubus closely misses you. The ufetubus barely misses you.
The ufetubus misses you. The rust devil barely misses you.
You hit the rust devil but do no damage. x2
The ufetubus hits you. x2; Cornered, the ufetubus turns to fight!
The ufetubus closely misses you. x2; The ufetubus hits you.
* * * LOW HITPOINT WARNING * * *
The ufetubus closely misses you. The ufetubus hits you.
* * * LOW HITPOINT WARNING * * *
The ufetubus hits you.
* * * LOW HITPOINT WARNING * * *
The ufetubus hits you.
* * * LOW HITPOINT WARNING * * *
The ufetubus barely misses you. The ufetubus hits you.
* * * LOW HITPOINT WARNING * * *
The ufetubus hits you.
* * * LOW HITPOINT WARNING * * *
The rust devil hits you.
* * * LOW HITPOINT WARNING * * *
The rust devil corrodes you!
It was a potion of brilliance.
You feel clever all of a sudden. The ufetubus hits you.
* * * LOW HITPOINT WARNING * * *
The ufetubus hits you.
* * * LOW HITPOINT WARNING * * *
The ufetubus barely misses you. The ufetubus hits you.
* * * LOW HITPOINT WARNING * * *
The ufetubus hits you.
You die...
Your body crumbles into a pile of gold.

###..###########...###########
#..#..#[©...[#§§.#...?©."ZZ#
###..#...#...5.#...#..##.##.Z#
#ß#..#.5.#....##...#.##...##.#
###..#....#.##.#...#.#.....#.#
#..#...###...#...#....©....#
###..#.##.#©...#...#.#.....#.#
#ß#..##....#55.#...#Z##...##.#
###..#...3.#5@.#.∩.#Z.##.##..#
#..#.....5#54#...#.........#
###..###########...###########
#ß#§......©.............©.....
###§............§∩≈...........
############################
#ß# #ß# #ß# #ß# #ß# #ß# #ß ###
### ### ### ### ### ##


You could see a rust devil, a centaur warrior simulacrum, a meliai simulacrum
and 6 ufetubi.

Vanquished Creatures
  A cyclops (D:11)
  2 kobold demonologists
  A cane toad (Lair:1)
  4 komodo dragons (D:11)
  3 trolls
  Prince Ribbit (D:8)
  Grinder (D:3)
  A polar bear (Lair:1)
  Sigmund (D:2)
  A shadow (D:11)
  4 wyverns
  A wraith (D:10)
  9 yaks
  3 steam dragons
  A warg (D:11)
  2 acid dragons (D:11)
  A water moccasin (Lair:1)
  3 sky beasts (D:6)
  2 ice beasts
  4 orc warriors
  5 wolves (Lair:1)
  2 centaurs
  An ogre (D:6)
  2 phantoms
  A kobold brigand (D:9)
  A brain worm (Sewer)
  4 bullfrogs
  2 scorpions (D:6)
  12 wights
  3 killer bees
  3 howler monkeys
  2 bombardier beetles
  5 hounds
  4 jellies
  4 orc priests
  A gnoll bouda (D:5)
  A sleepcap (D:7)
  2 iguanas
  6 orc wizards
  Robin (D:2)
  3 gnolls (D:5)
  12 adders
  A river rat (Sewer)
  2 shadow imps (D:5)
  2 ufetubi (D:5)
  2 ribbon worms
  4 dart slugs
  29 orcs
  14 ball pythons
  4 endoplasms
  9 giant cockroaches
  12 goblins
  4 hobgoblins
  6 jackals
  6 kobolds
  3 quokkas
  8 bats
  7 frilled lizards
  2 rats
238 creatures vanquished.

Vanquished Creatures (others)
  A sky beast (D:8)
  2 ufetubi (D:6)
3 creatures vanquished.

Grand Total: 241 creatures vanquished

Notes
Turn   | Place    | Note
-------+----------+-------------------------------------------
     0 | D:1      | Chadd the Coglin Gladiator began the quest for the Orb.
     0 | D:1      | Reached XP level 1. HP: 16/16 MP: 1/1
   125 | D:1      | Reached XP level 2. HP: 22/22 MP: 2/2
   128 | D:1      | Reached skill level 2 in Throwing
   709 | D:2      | Noticed Robin
   716 | D:2      | Reached XP level 3. HP: 27/28 MP: 3/3
   726 | D:2      | Killed Robin
   946 | D:2      | Noticed Sigmund
  1108 | D:2      | Identified the +15 plate armour "Wotyjing" {rElec Str+7}
  1949 | D:3      | Found a faded altar of an unknown god.
  1969 | D:3      | Reached XP level 4. HP: 34/34 MP: 4/4
  2054 | D:3      | Found a runed translucent door.
  2055 | D:3      | Noticed Crazy Yiuf
  2124 | D:3      | Noticed Grinder
  2149 | D:3      | Killed Grinder
  2150 | D:3      | Reached skill level 3 in Throwing
  2150 | D:3      | Reached XP level 5. HP: 41/41 MP: 5/5
  2150 | D:3      | Reached XP level 6. HP: 47/47 MP: 6/6
  2609 | D:3      | Identified the +9 glaive of Mastery {drain, *Corrode Dex+6}
  2639 | D:3      | Found a glowing silver altar of Zin.
  2746 | D:3      | Identified the +0 chain mail of Gozag, Grinning {Int+4
                  | Dex+6}
  2961 | D:4      | Found a glowing drain.
  2981 | Sewer    | Entered a sewer
  3977 | D:4      | Found a staircase to the Ecumenical Temple.
  4008 | D:4      | Reached skill level 1 in Armour
  4008 | D:4      | Reached XP level 7. HP: 46/53 MP: 7/7
  4051 | Temple   | Entered the Ecumenical Temple
  4063 | Temple   | Became a worshipper of Gozag Ym Sagoz the Greedy
  4473 | D:5      | Entered Level 5 of the Dungeon
  4825 | D:5      | Found Zink's Distillery.
  5010 | D:5      | Reached skill level 4 in Throwing
  5097 | D:5      | Reached skill level 1 in Evocations
  5709 | D:5      | Reached XP level 8. HP: 47/61 MP: 8/8
  6095 | D:6      | Reached skill level 5 in Throwing
  6333 | D:6      | Reached skill level 5 in Polearms
  6333 | D:6      | Reached skill level 5 in Dodging
  6346 | D:6      | Reached skill level 5 in Fighting
  6358 | D:6      | Reached XP level 9. HP: 54/68 MP: 9/9
  6531 | D:6      | Found a sparkling altar of Nemelex Xobeh.
  6531 | D:6      | Found a shimmering altar of Xom.
  7393 | D:6      | Reached skill level 6 in Throwing
  7521 | D:7      | Reached skill level 1 in Shapeshifting
  7961 | D:8      | Reached skill level 5 in Evocations
  7985 | D:8      | Noticed Prince Ribbit
  8389 | D:7      | Reached XP level 10. HP: 53/76 MP: 10/10
  8744 | D:8      | Killed Prince Ribbit
  8745 | D:8      | Reached skill level 7 in Throwing
  8820 | D:8      | Found a shimmering blue altar of Sif Muna.
  9027 | D:9      | Found Nuruurghe's General Store.
  9510 | D:9      | Noticed a kobold demonologist
  9511 | D:9      | Noticed a kobold demonologist
  9511 | D:9      | Noticed a kobold demonologist
  9765 | D:8      | Killed a kobold demonologist
  9931 | D:9      | Killed a kobold demonologist
 10217 | D:10     | Entered Level 10 of the Dungeon
 10605 | D:2      | Killed Sigmund
 11781 | D:10     | Reached skill level 5 in Armour
 11883 | D:11     | Reached XP level 11. HP: 83/83 MP: 11/11
 11915 | D:11     | Reached skill level 8 in Throwing
 12141 | D:11     | Found a staircase to the Lair.
 12710 | D:11     | Found a staircase to the Orcish Mines.
 13240 | D:11     | Noticed a cyclops
 13254 | D:11     | Killed a cyclops
 13381 | Lair:1   | Entered Level 1 of the Lair of Beasts
 13732 | Lair:1   | Found a gate leading to a gauntlet.
 13758 | Gauntlet | Entered a Gauntlet
 13758 | Gauntlet | Found a transporter.
 13758 | Gauntlet | Found a transporter.
 14024 | Gauntlet | Found a transporter.
 14028 | Gauntlet | Found a transporter.
 14036 | Gauntlet | Noticed a cyan ugly thing
 14037 | Gauntlet | Noticed a green ugly thing
 14037 | Gauntlet | Noticed a great orb of eyes
 14038 | Gauntlet | Found a transporter.
 14042 | Gauntlet | Found a transporter.
 14047 | Gauntlet | Noticed a dire elephant
 14052 | Gauntlet | Found a transporter.
 14056 | Gauntlet | Found the +8 demon trident "Rift" {distort, reach+}
 14069 | Gauntlet | Found a large runed translucent door.
 14070 | Gauntlet | Found a large runed translucent door.
 14071 | Gauntlet | Found a large runed translucent door.
 14071 | Gauntlet | Found a large runed translucent door.
 14072 | Gauntlet | Found a runed translucent gate.
 14073 | Gauntlet | Found a large runed translucent door.
 14073 | Gauntlet | Found a large runed translucent door.
 14073 | Gauntlet | Found a runed translucent door.
 14074 | Gauntlet | Found a large runed translucent door.
 14075 | Gauntlet | Found a large runed translucent door.
 14095 | Gauntlet | Found a transporter.
 14095 | Gauntlet | Found a transporter.
 14142 | Gauntlet | Found a transporter.
 14145 | Gauntlet | Found a transporter.
 14147 | Gauntlet | Found a large runed translucent door.
 14148 | Gauntlet | Found a large runed translucent door.
 14149 | Gauntlet | Found a large runed translucent door.
 14149 | Gauntlet | Found a large runed translucent door.
 14149 | Gauntlet | Found a runed translucent door.
 14150 | Gauntlet | Found a large runed translucent door.
 14151 | Gauntlet | Found a large runed translucent door.
 14152 | Gauntlet | Found a large runed translucent door.
 14152 | Gauntlet | Found a large runed translucent door.
 14153 | Gauntlet | Found a runed translucent gate.
 14153 | Gauntlet | Found a runed translucent gate.
 14154 | Gauntlet | Noticed a lightning spire
 14155 | Gauntlet | Found a transporter.
 14404 | Gauntlet | HP: 3/84 [ufetubus[a ynoxinul] (4)]
 14404 | Gauntlet | HP: 1/84 [ufetubus[a ynoxinul] (1)]
 14404 | Gauntlet | Slain by an ufetubus

Illustrated notes

Levels and vault maps discovered:
D:1:      eino_arrival_tree_alley, layout_basic
D:2:      layout_basic, serial_bayou, serial_bayou_pond_d, serial_bayou_shore_b,
          serial_bayou_shore_b, serial_bayou_pond_d, uniq_sigmund, uniq_robin
D:3:      wad_pebble_path, layout_basic, mainiacjoe_overflow_alcove_2,
          ebering_ecumenical_altar_mist, uniq_grinder, uniq_crazy_yiuf_cottage
D:4:      layout_basic, minmay_temple_entry_statues_fountains,
          cheibrodos_sewer_entry_sluice
D:5:      layout_gridville, serial_shops, nicolae_shop_tiny_real_fake_doors,
          minmay_misc_feat_five
D:6:      layout_basic, jmf_multi_god_temple
D:7:      layout_gridville, grunt_ministairs_3
D:8:      layout_rooms, mainiacjoe_overflow_tiny_flanked, uniq_prince_ribbit1
D:9:      layout_small_grid, serial_shops, shop
D:10:     layout_gridville, serial_rivers, chequers_serial_rivers_small_3,
          chequers_serial_rivers_small_a, chequers_serial_rivers_room_b,
          chequers_serial_rivers_micro_d, chequers_serial_rivers_large_a
D:11:     layout_stronghold, grunt_lair_entry_orc_guard_hut, david_orc_3
Temple:   compressed_dpeg_circular_temple
Lair:1:   layout_cave_pods, gauntlet_entry_generic
Gauntlet: gammafunk_gauntlet_hard_choice [nicolae_gauntlet_swirl,
          gammafunk_gauntlet_arena_split_diamond,
          nicolae_gauntlet_arena_quarters, gammafunk_gauntlet_arena_hedges,
          minmay_gauntlet_arena_make_your_own_arena,
          gammafunk_gauntlet_arena_corners, gauntlet_exit_watery]

Skill      XL: |  1  2  3  4  5  6  7  8  9 10 11 |
---------------+----------------------------------+-----
Throwing       | 2 3 4 5 6 7 8 |  8.6
Polearms       | 3 4 5 6 7 |  7.1
Dodging        | 3 4 5 6 |  6.9
Fighting       | 3 4 5 6 7 |  7.3
Armour         | 1 2 3 4 5 |  5.6
Evocations     | 1 3 5 6 7 |  7.5
Shapeshifting  | 1 3 |  3.8

Action                     |  1- 3 |  4- 6 |  7- 9 | 10-12 || total
---------------------------+-------+-------+-------+-------++-------
  Melee: Trident           |    74 |   144 |   353 |   437 ||  1008
         Dagger            |    21 |       |       |       ||    21
         Spear             |    39 |   144 |   343 |   431 ||   957
  Throw: Throwing net      |     1 |     3 |       |     5 ||     9
         Javelin           |       |     1 |       |     1 ||     2
         Boomerang         |       |       |     4 |     4 ||     8
 Invoke: Potion Petition   |       |       |       |     1 ||     1
    Use: Scroll            |       |       |       |    10 ||    10
         Potion            |       |       |       |     2 ||     2
   Stab: Held in net/web   |       |     1 |       |     5 ||     6
         Distracted        |       |       |     1 |     4 ||     5
 Armour: Leather armour    |    28 |       |       |       ||    28
         Plate armour      |    13 |   124 |   312 |   467 ||   916
         Skin              |     1 |       |       |       ||     1
  Dodge: Dodged            |    42 |    40 |    96 |   218 ||   396

Table legend: (Time is in decaauts)
 A = Elapsed time spent in this place.
 B = Non-inter-level travel time spent in this place.
 C = Inter-level travel time spent in this place.
 D = Time resting spent in this place.
 E = Time spent auto-exploring this place.
 F = Levels seen in this place.
 G = Mean time per level.
                   A        B        C        D        E       F      G
               +--------+--------+--------+--------+--------+-----+--------+
         Total |  14631 |  12941 |   1690 |   2787 |   7227 |  15 |  975.4 |
       Dungeon |  12432 |  10872 |   1560 |   2410 |   6384 |  11 | 1130.2 |
        Temple |     40 |      3 |     37 |      0 |      0 |   1 |   40.0 |
          Lair |    364 |    271 |     93 |      5 |    134 |   1 |  364.0 |
         Sewer |   1152 |   1152 |      0 |    122 |    601 |   1 | 1152.0 |
      Gauntlet |    641 |    641 |      0 |    250 |    107 |   1 |  641.0 |
               +--------+--------+--------+--------+--------+-----+--------+

Top non-repeatable levels by time:
     D:7: 1675 daAuts
     D:5: 1606 daAuts
    D:11: 1545 daAuts
     D:2: 1512 daAuts
   Sewer: 1152 daAuts
     D:3: 1032 daAuts
     D:9: 989 daAuts
     D:8: 943 daAuts
     D:6: 942 daAuts
    D:10: 763 daAuts
     D:4: 751 daAuts
     D:1: 668 daAuts
Gauntlet: 641 daAuts
  Lair:1: 364 daAuts
  Temple: 40 daAuts
